 Dungeon Crawl Stone Soup version 0.28.0-1-gb440e238dd (webtiles) character file.

Game seed: 10501023087877354522

2410 jfcaron the Fighter (level 9, -6/98 HPs)
             Began as an Ogre Berserker on Feb 21, 2022.
             Was a Priest of Trog.
             Mangled by a five-headed hydra (8 damage)
             ... on level 8 of the Dungeon.
             The game lasted 00:15:24 (8467 turns).

jfcaron the Fighter (Ogre Berserker)                Turns: 8467, Time: 00:15:25

Health: -6/98      AC:  3    Str: 33    XL:     9   Next: 47%
Magic:  9/9        EV:  7    Int:  8    God:    Trog [***...]
Gold:   27         SH: 19    Dex:  8    Spells: 8/8 levels left

rFire   . . .      SeeInvis .   j - +0 trident
rCold   . . .      Faith    .   w - +3 tower shield
rNeg    + . .      Spirit   .   b - +0 animal skin
rPois   .          Reflect  +   (helmet restricted)
rElec   .          Harm     .   B - scarf {shadows}
rCorr   .          Rampage  .   (gloves unavailable)
Will    .....                   (boots unavailable)
Stlth   +.........              d - amulet of reflection
HPRegen 0.26/turn               h - ring of positive energy
MPRegen 0.11/turn               C - +6 ring of strength

@: on berserk cooldown, slowed, very slow
A: large, unfitting armour, tough skin 1
a: Renounce Religion, Berserk, Trog's Hand


You were on level 8 of the Dungeon.
You worshipped Trog.
Trog was most pleased with you.
You visited 1 branch of the dungeon, and saw 8 of its levels.
You also visited: Ossuary.

You collected 554 gold pieces.
You spent 527 gold pieces at shops.

Inventory:

Hand Weapons
 a - a +1 spear
 j - a +0 trident (weapon)
Missiles
 i - 76 stones (quivered)
 n - 7 poisoned darts
 A - 3 boomerangs
Armour
 b - a +0 animal skin (worn)
 v - a +0 cloak
 w - a +3 tower shield (worn)
 B - a scarf of shadows (worn)
Jewellery
 d - an amulet of reflection (around neck)
 h - a ring of positive energy (left hand)
 o - a ring of ice
 C - a +6 ring of strength (right hand)
Wands
 g - a wand of iceblast (11)
 x - a wand of flame (24)
Scrolls
 l - a scroll of vulnerability {unknown}
 p - 4 scrolls of holy word
 s - 3 scrolls of noise {unknown}
 y - a scroll of teleportation {unknown}
 F - a scroll of enchant armour
Potions
 c - 2 potions of lignification
 e - a potion of berserk rage {unknown}
 f - 7 potions of heal wounds
 k - 4 potions of haste
 m - 5 potions of curing
 q - 2 potions of mutation
 r - 3 potions of might
 t - 2 potions of cancellation
 u - a potion of degeneration {unknown}
 z - a potion of flight {unknown}
 D - a potion of resistance
 E - a potion of magic {unknown}


   Skills:
 + Level 9.2 Fighting
 + Level 7.0 Polearms
 + Level 5.5 Throwing
 - Level 5.0 Dodging
 + Level 4.0 Shields


You had 8 spell levels left.
You didn't know any spells.
Your spell library was empty.

Dungeon Overview and Level Annotations

Branches:
Dungeon (8/15)             Temple (0/1) D:7         Ossuary (visited)
   Lair: D:8-11

Altars:
Ru
Yredelemnul

Shops:
D:3 :   D:5 ([[[!   D:8 *


Innate Abilities, Weirdness & Mutations

You are too large for most types of armour.
You have tough skin. (AC +1)


Message History

The gnoll sergeant barely misses you.
You block the five-headed hydra's attack. x2
The five-headed hydra completely misses you.
The five-headed hydra bites you.
The five-headed hydra bites you but does no damage.
You puncture the five-headed hydra!
The five-headed hydra is heavily wounded.
You block the gnoll sergeant's attack.
Unknown command.
You completely miss the five-headed hydra.
The five-headed hydra is heavily wounded.
You block the five-headed hydra's attack.
The five-headed hydra bites you! x2
You block the five-headed hydra's attack. x2
The gnoll sergeant closely misses you.
Unknown command.
You puncture the five-headed hydra!
The five-headed hydra is severely wounded.
The five-headed hydra bites you!
* * * LOW HITPOINT WARNING * * *
The five-headed hydra bites you.
* * * LOW HITPOINT WARNING * * *
You block the five-headed hydra's attack.
The five-headed hydra bites you!
* * * LOW HITPOINT WARNING * * *
The five-headed hydra bites you!
* * * LOW HITPOINT WARNING * * *
You block the gnoll sergeant's attack.
You impale the five-headed hydra!!
The five-headed hydra is almost dead.
You are no longer berserk.
You are exhausted.
You feel yourself slow down.
You block the five-headed hydra's attack.
The five-headed hydra bites you!
* * * LOW HITPOINT WARNING * * *
You block the five-headed hydra's attack.
The five-headed hydra bites you but does no damage.
The five-headed hydra bites you!
You die...

#..........
#.......... ...
#.......... ...###
#.......... ....$.
##.....##... .....
##........... .g.
###..##.#######
#D###<.####.######.
#.@...###.....)).).
####### #......####
#......# #......#
########


You could see a five-headed hydra and a gnoll sergeant.

Vanquished Creatures
  A deep elf zephyrmancer (D:7)
  A wyvern (D:8)
  A steam dragon (D:4)
  A black bear (D:7)
  2 ogres
  A centaur (D:6)
  A bullfrog (D:7)
  2 scorpions
  7 wights
  3 bullfrog zombies
  A jelly (D:6)
  An orc priest (D:4)
  A centaur skeleton (D:6)
  4 hounds
  Crazy Yiuf (D:5)
  2 iguanas
  4 orc wizards
  2 hound skeletons (D:4)
  9 mummies
  2 howler monkey zombies
  4 adders
  5 gnolls (D:8)
  2 howler monkey skeletons
  A shadow imp (D:6)
  A white imp (D:5)
  6 worms
  A dart slug (D:4)
  14 orcs
  10 ball pythons
  6 endoplasms
  3 giant cockroaches
  A gnoll zombie (Ossuary)
  3 goblins
  5 hobgoblins
  4 jackals (D:3)
  6 quokkas
  6 bats
  3 frilled lizards
  A hobgoblin zombie (D:4)
  8 kobolds
  3 kobold zombies (Ossuary)
  5 orc zombies
  6 rats
  A spectral orc (D:6)
  A fungus (D:5)
153 creatures vanquished.

Notes
Turn   | Place    | Note
-------+----------+-------------------------------------------
     0 | D:1      | jfcaron the Ogre Berserker began the quest for the Orb.
     0 | D:1      | Reached XP level 1. HP: 24/24 MP: 1/1
   133 | D:1      | Reached XP level 2. HP: 32/32 MP: 2/2
   248 | D:1      | Found a faded altar of an unknown god.
   642 | D:1      | Reached XP level 3. HP: 40/40 MP: 3/3
  1009 | D:2      | Reached ** piety under Trog
  1988 | D:3      | Reached skill level 5 in Fighting
  1988 | D:3      | Reached XP level 4. HP: 50/50 MP: 4/4
  2401 | D:3      | Found Ifunloril's Book Emporium.
  2993 | D:4      | Noticed a steam dragon
  3009 | D:4      | Killed a steam dragon
  3010 | D:4      | Reached skill level 1 in Throwing
  3010 | D:4      | Reached XP level 5. HP: 47/59 MP: 5/5
  3010 | D:4      | Reached XP level 6. HP: 54/67 MP: 6/6
  3364 | D:4      | Found a sand-covered staircase.
  3374 | Ossuary  | Entered an ossuary
  3404 | Ossuary  | Reached skill level 6 in Fighting
  3438 | Ossuary  | Reached *** piety under Trog
  3846 | D:4      | Reached XP level 7. HP: 52/75 MP: 7/7
  4468 | D:5      | Entered Level 5 of the Dungeon
  4746 | D:5      | Reached skill level 5 in Polearms
  4775 | D:5      | Found Ypagrib's Antique Armour Emporium.
  4801 | D:5      | Found Durirad's Distillery.
  4810 | D:5      | Found Daobir's Armour Shop.
  4811 | D:5      | Found Etaegui's Antique Armour Boutique.
  4864 | D:5      | Found a runed translucent door.
  4865 | D:5      | Noticed Crazy Yiuf
  4875 | D:5      | Killed Crazy Yiuf
  4943 | D:5      | Bought a glowing tower shield for 165 gold pieces
  5286 | D:5      | Found Pevor's Antique Weapon Boutique.
  5421 | D:5      | Reached skill level 7 in Fighting
  5514 | D:5      | Found a sacrificial altar of Ru.
  5687 | D:5      | Bought a runed scarf for 216 gold pieces
  5784 | D:6      | Reached skill level 1 in Shields
  5784 | D:6      | Reached XP level 8. HP: 87/87 MP: 8/8
  5942 | D:6      | Reached skill level 5 in Dodging
  6456 | D:6      | Found a basalt altar of Yredelemnul.
  7287 | D:7      | Reached skill level 8 in Fighting
  7502 | D:7      | Found a staircase to the Ecumenical Temple.
  7964 | D:5      | Bought a potion of cancellation for 88 gold pieces
  8053 | D:7      | Noticed a deep elf zephyrmancer
  8062 | D:7      | Killed a deep elf zephyrmancer
  8063 | D:7      | Reached skill level 5 in Throwing
  8063 | D:7      | Reached XP level 9. HP: 72/97 MP: 9/9
  8200 | D:8      | Found Cifuug's Assorted Antiques.
  8210 | D:8      | Bought a scroll labelled WUWETZ NOTAT for 29 gold pieces
  8235 | D:8      | Bought a scroll labelled WUWETZ NOTAT for 29 gold pieces
  8277 | D:8      | Reached skill level 9 in Fighting
  8452 | D:8      | Noticed a five-headed hydra
  8466 | D:8      | HP: 29/147 [five-headed hydra (8)]
  8467 | D:8      | HP: 2/98 [five-headed hydra (8)]
  8467 | D:8      | Mangled by a five-headed hydra

Illustrated notes

Levels and vault maps discovered:
D:1:      minmay_arrival_stair_chambers, layout_rooms,
          hellmonk_ecumenical_altar_pennies_from_heaven, minmay_tripent
D:2:      layout_basic, amcnicky_mini_pool_small
D:3:      layout_basic, serial_shops, shop
D:4:      layout_loops_ring, nicolae_ossuary_entry_giza
D:5:      layout_gridville, mainiacjoe_overflow_surrounded_room, serial_shops,
          shop, nicolae_shop_hallway_plus, nicolae_shop_crystal, shop,
          nicolae_square_shop, nrook_pool_corridor, uniq_crazy_yiuf_cottage
D:6:      layout_basic, yredelemnul_forgotten_temple_becter, interstate_on_off,
          kennysheep_decorative_pillar
D:7:      layout_cave_pools, minmay_temple_entry_from_below_b,
          guppyfry_early_elven_hall
D:8:      layout_rooms, mainiacjoe_overflow_cross_hatched,
          nicolae_stop_n_shop_1, grunt_potential

Skill      XL: |  1  2  3  4  5  6  7  8  9 |
---------------+----------------------------+-----
Dodging        | 3 4 5 |  5.0
Fighting       | 5 6 7 8 9 |  9.2
Polearms       | 4 5 6 7 |  7.0
Throwing       | 1 2 3 5 |  5.5
Shields        | 1 3 4 |  4.0

Action                   |  1- 3 |  4- 6 |  7- 9 || total
-------------------------+-------+-------+-------++-------
Melee: Spear             |   115 |   191 |   218 ||   524
       Punch             |     1 |     5 |     6 ||    12
       Trident           |       |       |    43 ||    43
Throw: Stone             |    19 |    51 |    81 ||   151
       Dart              |       |       |     4 ||     4
Invok: Berserk           |     4 |     4 |     7 ||    15
Evoke: Wand              |       |    21 |     4 ||    25
  Use: Scroll            |       |     6 |     5 ||    11
       Potion            |       |       |     2 ||     2
 Stab: Sleeping          |       |     1 |       ||     1
Armor: Animal skin       |    24 |    23 |    33 ||    80
Dodge: Dodged            |    27 |    51 |    25 ||   103
Block: Other             |     8 |    25 |    15 ||    48
       Reflection        |     1 |       |     4 ||     5
       Tower shield      |       |       |   144 ||   144
